Cogmind - Beta 13 @@@ ROGUE MODE // 2024.07.17 @ 17:02:41 Player: Sionnis Result: Destroyed by as-55808 with Assembled Heavy Rifle Performance ------------- Evolutions (0) 0 Regions Visited (4) 800 Robots Destroyed (6) 30 Value Destroyed (106) 106 Prototype IDs (2) 40 Alien Tech Used (0) 0 Bonus (0) 0 TOTAL SCORE: 976 Bonus ------- None Cogmind --------- Core Integrity 0/250 Matter 295/300 Energy 17/100 System Corruption 0% Temperature Critical (572) Movement Core (800) Ox15 Location -9/Mines Parts ------- > --- POWER (1) -------- (None) > --- PROPULSION (2) --- (None) > --- UTILITY (2) ------ High-capacity Storage Unit > --- WEAPON (2) ------- Spread Laser Spread Laser > --- INVENTORY (20) --- Light Ion Engine Compact Wheel Improved Flight Unit Improved Flight Unit Improved Flight Unit Improved Flight Unit Experimental Sensor Array Signal Interpreter EM Pulse Gun EM Pulse Gun Medium Laser Medium Laser Spread Laser Assault Rifle Light Cannon Light Cannon Peak State ------------ > --- POWER ------------ Ion Engine > --- PROPULSION ------- Light Treads Light Treads > --- UTILITY ---------- High-capacity Storage Unit Experimental Sensor Array > --- WEAPON ----------- Spread Laser Spread Laser > --- INVENTORY -------- Light Ion Engine Compact Wheel Improved Flight Unit Improved Flight Unit Improved Flight Unit Improved Flight Unit Signal Interpreter Shield Generator EM Pulse Gun EM Pulse Gun Medium Laser Medium Laser Spread Laser Spread Laser Assault Rifle Light Cannon Light Cannon [Rating: 19] Favorites ----------- Power Ion Engine Engine Ion Engine Power Core Light Nuclear Core Propulsion Light Treads Treads Light Treads Flight Unit Improved Flight Unit Utility High-capacity Storage Unit Device Shield Generator Storage High-capacity Storage Unit Weapon Spread Laser Energy Gun Spread Laser Build | -11 -10 -10 -10 -9 ------- Run | Yrd Mat Min Exi Min Slots Evolved . | . . . . . Power . | . . . . . Propulsion . | . . . . . Utility . | . . . . . Weapon . | . . . . . Parts Attached 17 | 6 6 3 . 2 Power 3 | 1 . 1 . 1 Engine 2 | 1 . . . 1 Core 1 | . . 1 . . Reactor . | . . . . . Propulsion 4 | 2 2 . . . Treads 3 | 2 1 . . . Leg . | . . . . . Wheel . | . . . . . Hover . | . . . . . Flight 1 | . 1 . . . Utility 5 | 1 2 2 . . Device 3 | . 1 2 . . Storage 2 | 1 1 . . . Processor . | . . . . . Hackware . | . . . . . Protection . | . . . . . Artifact . | . . . . . Weapon 5 | 2 2 . . 1 Energy Gun 5 | 2 2 . . 1 Energy Cannon . | . . . . . Ballistic Gun . | . . . . . Ballistic Cannon . | . . . . . Launcher . | . . . . . Special Weapon . | . . . . . Impact Weapon . | . . . . . Slashing Weapon . | . . . . . Piercing Weapon . | . . . . . Special Melee Weapon . | . . . . . Unidentified Prototypes 2 | . 1 1 . . Parts Lost 6 | . . . . 6 Power 2 | . . . . 2 Propulsion 2 | . . . . 2 Utility 1 | . . . . 1 Weapon 1 | . . . . 1 Highest Loss Streak 6 | . . . . 6 To Critical Strikes . | . . . . . Average Slot Usage (%) 97 | . 93 100 100 79 Engine 7 | . 14 8 . 2 Core 6 | . . 5 14 8 Treads 27 | . 27 28 28 19 Device 11 | . 7 14 14 5 Storage 14 | . 14 14 14 14 Energy Gun 28 | . 28 28 28 28 Naked Turns . | . . . . . Heaviest Build 54 | 14 54 53 53 53 Greatest Support 40 | 40 40 40 40 40 Greatest Overweight (x) 16 | . 16 1 1 1 Average Overweight (x) . | . . 1 1 1 Largest Inventory Capacity 20 | 8 20 20 20 20 Average Capacity 18 | 7 18 20 20 20 Most Carried 18 | 3 16 18 18 18 Average Carried 14 | 1 9 16 18 17 Final Capacity 20 | 8 20 20 20 20 Final Carried 18 | 3 16 18 18 16 Class Distribution -------------------- 100% | Mutant Dominant Class ---------------- Mutant | -10/Materials Mutant | -10/Mines Mutant | -10/Exiles Mutant | -9/Mines Resources | -11 -10 -10 -10 -9 ----------- Run | Yrd Mat Min Exi Min Matter Collected 350 | 216 56 78 . . Remotely . | . . . . . Salvage Created 199 | . 97 83 . 19 Parts 10 | . 5 5 . . Haulers Intercepted 2 | . 2 . . . Recyclers Shooed 1 | . 1 . . . Parts Field Recycled . | . . . . . Retrieved Matter . | . . . . . Parts Self-Destructed . | . . . . . Prevented . | . . . . . Kills | -11 -10 -10 -10 -9 ------- Run | Yrd Mat Min Exi Min Combat Hostiles Destroyed 9 | . . 2 . 7 Guns 9 | . . 2 . 7 Classes Destroyed 5 | . 2 2 . 1 Builder 1 | . . 1 . . Hauler 2 | . 2 . . . Watcher 1 | . 1 . . . Grunt 2 | . . 2 . . Assembled 7 | . . . . 7 Best Kill Streak 7 | . 1 1 . 7 Combat Bots Only 7 | . . 1 . 7 Max Kills in Single Turn 1 | . 1 1 . 1 Gunslinging . | . . . . . Exploded . | . . . . . Melee . | . . . . . Uniques/NPCs Destroyed . | . . . . . Combat | -11 -10 -10 -10 -9 -------- Run | Yrd Mat Min Exi Min Hostile Shots Fired 66 | . . 5 . 61 Missed 6 | . . 1 . 5 Damage Taken 890 | . . 39 . 851 Core 259 | . . . . 259 Absorbed by Shields 51 | . . 16 . 35 Core Remaining (%) 100 | 100 . . . . Volleys Fired 31 | . 12 4 . 15 Largest 2 | . 2 2 . 2 Hottest 130 | . 130 130 . 130 Shots Fired 53 | . 24 8 . 21 Gun 53 | . 24 8 . 21 Cannon . | . . . . . Launcher . | . . . . . Special . | . . . . . Kinetic . | . . . . . Thermal 53 | . 24 8 . 21 Explosive . | . . . . . Electromagnetic . | . . . . . Robot Hit Streak 10 | . 9 10 . 8 Robot Miss Streak 7 | . 4 3 . 7 Penetration Max . | . . . . . Secondary Targets 2 | . . . . 2 Max Gunslinging Chain 1 | . . . . 1 Shots Hit Robots 48 | . 21 7 . 20 Core Hits 68 | . 17 11 . 40 Critical Kills . | . . . . . Critical Parts Destroyed . | . . . . . Critical Strikes . | . . . . . Melee Attacks . | . . . . . Impact . | . . . . . Slashing . | . . . . . Piercing . | . . . . . Sneak Attacks . | . . . . . Combat Hostiles . | . . . . . Follow-up Attacks . | . . . . . Damage Inflicted 771 | . 312 107 . 352 Guns 765 | . 312 101 . 352 Cannons . | . . . . . Explosions . | . . . . . Melee . | . . . . . Ramming 6 | . . 6 . . Kinetic . | . . . . . Thermal 765 | . 312 101 . 352 Explosive . | . . . . . Electromagnetic . | . . . . . Impact . | . . . . . Slashing . | . . . . . Piercing . | . . . . . Highest Corruption . | . . . . . Average Corruption . | . . . . . Corruption Purged . | . . . . . Corruption Blocked . | . . . . . Overload Shots . | . . . . . Overflow Damage . | . . . . . Projectiles . | . . . . . Explosions . | . . . . . Melee . | . . . . . Knockbacks . | . . . . . Impact . | . . . . . Kinetic . | . . . . . Secondary . | . . . . . Self-Inflicted Damage . | . . . . . Shots . | . . . . . Rammed . | . . . . . Targets Rammed 1 | . . 1 . . Kicked . | . . . . . Crushed 1 | . . 1 . . Highest Temperature 572 | . 162 112 . 572 Average Temperature 174 | . 72 58 . 361 Received Heat Transfer 194 | . . 20 . 174 Effects 7 | . . . . 7 Shutdowns 1 | . . . . 1 Short Circuit 2 | . . . . 2 Damage (minor) 3 | . . . . 3 Damage (core) 1 | . . . . 1 Siege Activations . | . . . . . Robots Corrupted . | . . . . . Combat Hostiles . | . . . . . Parts Fried . | . . . . . Impact Corruptions . | . . . . . Robots Melted . | . . . . . Combat Hostiles . | . . . . . Parts Melted . | . . . . . Heat Transferred 1070 | . 495 120 . 455 Parts Sabotaged . | . . . . . Parts Stolen . | . . . . . Parts Stripped . | . . . . . Power Chain Reactions . | . . . . . Alert | -11 -10 -10 -10 -9 ------- Run | Yrd Mat Min Exi Min Peak Influence 72 | . 14 72 . . Initial 2 | . . 2 . . Average 10 | . 3 20 . . Maximum Alert Level . | . . . . . Low Security (%) 100 | 100 100 100 . 100 Level 1 . | . . . . . Level 2 . | . . . . . Level 3 . | . . . . . Level 4 . | . . . . . Level 5 . | . . . . . High Security . | . . . . . Max Security . | . . . . . Squads Dispatched . | . . . . . Investigation . | . . . . . Extermination . | . . . . . Reinforcement . | . . . . . Assault . | . . . . . Garrison . | . . . . . Intercept . | . . . . . Searches Triggered . | . . . . . Construction Impeded . | . . . . . Haulers Reinforced . | . . . . . Active Scanning Responses . | . . . . . Cargo Convoy Interrupts . | . . . . . Stealth | -11 -10 -10 -10 -9 --------- Run | Yrd Mat Min Exi Min Distress Signals . | . . . . . Communications Jammed . | . . . . . Distress Signals . | . . . . . Times Spotted 16 | . 2 3 . 11 Peak Tracking Total 8 | . 1 2 . 8 Tactical Retreats 1 | . . 1 . . Traps | -11 -10 -10 -10 -9 ------- Run | Yrd Mat Min Exi Min Traps Triggered . | . . . . . Indirectly . | . . . . . Trap Hack Attempts . | . . . . . Triggered . | . . . . . Disarmed . | . . . . . Reprogrammed . | . . . . . Reused . | . . . . . Traps Extracted . | . . . . . Installed . | . . . . . Triggered . | . . . . . Machines | -11 -10 -10 -10 -9 ---------- Run | Yrd Mat Min Exi Min Machines Disabled . | . . . . . Max in Single Turn . | . . . . . Machines Repaired . | . . . . . Machines Dismantled . | . . . . . Machines Sabotaged . | . . . . . Overloaded Fab Kills . | . . . . . Hacking | -11 -10 -10 -10 -9 --------- Run | Yrd Mat Min Exi Min Machines Accessed 1 | . . . 1 . Terminals . | . . . . . Fabricators . | . . . . . Repair Stations . | . . . . . Recycling Units . | . . . . . Scanalyzers . | . . . . . Garrison Access . | . . . . . Total Hacks 1 | . . . 1 . Successful 1 | . . . 1 . Failed . | . . . . . Catastrophic . | . . . . . Database Lockouts . | . . . . . Manual . | . . . . . Terminals . | . . . . . Fabricators . | . . . . . Repair Stations . | . . . . . Recycling Units . | . . . . . Scanalyzers . | . . . . . Garrison Access . | . . . . . Terminal Hacks 1 | . . . 1 . Record 1 | . . . 1 . Fabricator Hacks . | . . . . . Repair Station Hacks . | . . . . . Recycling Unit Hacks . | . . . . . Scanalyzer . | . . . . . Garrison Access Hacks . | . . . . . Unauthorized Hacks . | . . . . . Terminals . | . . . . . Fabricators . | . . . . . Repair Stations . | . . . . . Recycling Units . | . . . . . Scanalyzers . | . . . . . Garrison Access . | . . . . . Data Cores Recovered . | . . . . . Used . | . . . . . Hacking Detections . | . . . . . Full Trace Events . | . . . . . Feedback Events . | . . . . . Feedback Blocked . | . . . . . Robot Schematics Acquired . | . . . . . Robots Built . | . . . . . Authchips . | . . . . . Time . | . . . . . Total Robot Build Rating . | . . . . . Part Schematics Acquired . | . . . . . Parts Built . | . . . . . Authchips . | . . . . . Time . | . . . . . Total Part Build Rating . | . . . . . Parts Repaired . | . . . . . Time . | . . . . . Parts Recycled . | . . . . . Recycled Matter . | . . . . . Retrieved Matter . | . . . . . Retrieved Components . | . . . . . Parts Scanalyzed . | . . . . . Part Schematics Acquired . | . . . . . Parts Damaged . | . . . . . Bothacking | -11 -10 -10 -10 -9 ------------ Run | Yrd Mat Min Exi Min Used RIF Installer . | . . . . . Robots Hacked . | . . . . . Non-combat . | . . . . . Combat . | . . . . . Robot Hacks Applied . | . . . . . Relay Couplers Released . | . . . . . Fabnet Peak Effective % . | . . . . . Robots Rewired . | . . . . . Allies Hacked . | . . . . . Hacks Repelled . | . . . . . Allies | -11 -10 -10 -10 -9 -------- Run | Yrd Mat Min Exi Min Total Allies . | . . . . . Largest Group . | . . . . . Highest-Rated Group . | . . . . . Highest-Rated Ally . | . . . . . Total Orders . | . . . . . Ally Attacks . | . . . . . Total Damage . | . . . . . Kills . | . . . . . Allies Corrupted . | . . . . . Allies Melted . | . . . . . Intel | -11 -10 -10 -10 -9 ------- Run | Yrd Mat Min Exi Min Robot Analysis Total . | . . . . . Derelict Logs Recovered 1 | . . 1 . . Drone Launches . | . . . . . Drone Recoveries . | . . . . . Exploration | -11 -10 -10 -10 -9 ------------- Run | Yrd Mat Min Exi Min Turns Passed 1628 | 78 484 490 521 55 Spaces Moved 639 | 45 188 185 218 3 Core 5 | 4 1 . . . Treads 634 | 41 187 185 218 3 Legs . | . . . . . Wheels . | . . . . . Hover . | . . . . . Flight . | . . . . . Fastest Speed 50 | 50 160 240 240 240 Average Speed 229 | 150 226 240 240 240 Slowest Speed 850 | 160 850 240 240 240 Overloaded Moves . | . . . . . Propulsion Burnouts . | . . . . . Robots Hopped . | . . . . . Cave-ins Triggered . | . . . . . Exploration Rate (%) 28 | 4 34 40 61 5 Regions Visited 4 Branch Regions 3 Pre-discovered Areas 1 | . . 1 . . Known Exits Taken . | . . . . . Unknown Exits Taken 4 | 1 1 1 1 . Scrap Searched 1 | . . . . 1 Spaces Dug . | . . . . . Terrain Destroyed . | . . . . . Melee . | . . . . . Projectile . | . . . . . AOE . | . . . . . Terrain Rammed . | . . . . . Walls Destroyed . | . . . . . Machines Disabled . | . . . . . Actions | -11 -10 -10 -10 -9 --------- Run | Yrd Mat Min Exi Min Total 746 | 53 223 223 217 30 Wait 41 | . 3 28 . 10 Move 635 | 44 187 184 217 3 Hop . | . . . . . Pick Up 15 | 3 11 1 . . Fast Attach 12 | 6 5 1 . . Attach 3 | . . 1 . 2 Detach 4 | . 2 2 . . Swap 2 | . 1 1 . . Drop 2 | . 2 . . . Fire 31 | . 12 4 . 15 Melee . | . . . . . Ram . | . . . . . Kick . | . . . . . Crush 1 | . . 1 . . Escape Stasis . | . . . . . Rewire . | . . . . . Trap . | . . . . . Miscellaneous . | . . . . . Route ------- -11/Scrapyard -10/Materials -10/Mines (discovered 2 exits: [*Mat] / *Exi) -10/Exiles -9/Mines History --------- Turn | Location | Event 55 | -11/Scrapyard | Discovered new exit (range 16) 79 | -11/Scrapyard | Entered Materials 248 | -10/Materials | Discovered new exit (range 8) 331 | -10/Materials | Build established: Mutant 563 | -10/Materials | Entered Mines 587 | -10/Mines | Discovered new exit (range 8) 619 | -10/Mines | Met a Derelict bent on vengeance 737 | -10/Mines | Learned location of Zion (-7) 763 | -10/Mines | Found a damaged Exp. Sensor Array with a note attached 768 | -10/Mines | Found Prototype Device 786 | -10/Mines | Identified Exp. Sensor Array 1044 | -10/Mines | Deemed a non-threat by the Exiles lab entrance 1044 | -10/Mines | Discovered new exit (range 5) 1053 | -10/Mines | Entered Exiles 1053 | -10/Exiles | Found Exiles lab abandoned 1548 | -10/Exiles | Discovered new exit (range 14) 1574 | -10/Exiles | Entered Mines 1575 | -9/Mines | Assembled infested the area 1621 | -9/Mines | Core integrity fell below 50% 1627 | -9/Mines | Core integrity fell below 20% 1629 | -9/Mines | Destroyed by as-55808 with Assembled Heavy Rifle Last Messages --------------- Switching to secondary target: as-30033. as-30033 destroyed. Lgt. Nuclear Core destroyed. as-62765 destroyed. Switching to secondary target: as-08365. Spread Laser destroyed. Overheating: Hcp. Storage Unit damaged (-351). Lgt. Treads destroyed. Power failure, Ion Engine shutdown. as-08365 destroyed. Lgt. Treads destroyed. Ion Engine broken. Overheating: Short circuit. Overheating: Broken Ion Engine damaged (-4). Overheating: Broken Ion Engine damaged (-3). Broken Ion Engine destroyed. Overheating: Core damaged (-37). as-88441 destroyed. Spread Laser broken. Overheating: Short circuit. Map ----- +----------------------------------------------------+ | ????????????????????????????????? | | ????????????????????????????????? | | ????????????????????????????????? | | ????????????????????????????????? | | ????????????????????????????????? | | ????????????????????????????????? | | ????????????????????????????????? | | ????????????????????????????????? | | ????????????????????????????????? | | ????????????????????????????????? | | ????????????????????????????????? | | ????????????????????????????????? | | ????????????????????????????????? | | ????????????????????????????????? | | ????????????????????????????????? | | ????????????????????????????????? | | ????????????????????????????????? | | ????????????????????????????????? | | ?????????????????????????####???? | | ????????????????????????? #???? | | ?????????????????????????# #???? | | ?????????????????????????# #???? | | ?????????????????????????# #???? | | ?????????????????????????#a ##??? | | ????????????????????????##aaa##?? | | ???????????????????????##@/= #?? | | ???????????????????????# % #? | | ??????????????????????# = #? | | ?????????????????????# #? | | ?????????????????????# ##? | | ????????????????????# #?? | | ??????????????????? #### ##?? | | ????????????????? #???####??? | | ???????????????? ??????????? | | ??????????????? ???????????? | | ?????????????? ##???????????? | | ??????????????? #?????????????? | | ??????????????? #??????????????? | | ????????????????????????????????? | | ????????????????????????????????? | | ????????????????????????????????? | | ????????????????????????????????? | | ????????????????????????????????? | | ????????????????????????????????? | | ????????????????????????????????? | | ????????????????????????????????? | | ????????????????????????????????? | | ????????????????????????????????? | | ????????????????????????????????? | | ????????????????????????????????? | +----------------------------------------------------+ Best States ------------- Heat Dissipation 25 Energy Generation 14 Energy Capacity 250 Matter Stores 300 Matter Capacity 300 Sight Range 16 Terrain Scan Density 10 Evasion (%) 40 Recoil Reduction 2 Item Schematics ----------------- None Robot Schematics ------------------ None Fabricated ------------ Nothing Alien Tech Used ----------------- None Achievements -------------- None Challenges ------------ None Game ------ Seed AlphaAlloyPropulsion Manual? 1 Play Time 00:07:41 Cumulative 433.7 hours Start 2024.07.17 @ 16:56:15 End 2024.07.17 @ 17:02:41 Sessions 1 Manual Loads 0 Difficulty Rogue Special Mode None Game No. 249 Rogue 249 Adventurer 0 Explorer 0 Win Type - Total 29 Types 18/2/2/3/1/1/1/1/0 Lore% 82 Gallery% 93 Achievement% 95 Wizard Run 0 Options --------- Layout 1 ASCII 0 Keyboard 0 Movement Numpad Keybinds 0 Fullscreen 1 Font 24/Smallcaps Map View 50x35 Zoom Use 0% Tactical HUD 1 Map Filters NONE Filters NONE Steam 1 RUN: 2e57a880-9414-4058-901d-8acb31333068